 Dungeon Crawl Stone Soup version 0.21.0-3-g78d12a8 (webtiles) character file.

276542 torrenera the Warrior (level 20, -2/142 HPs)
             Began as a Gargoyle Fighter on Jan 5, 2018.
             Was a High Priest of Ru.
             Slain by an orc knight
             ... wielding a +0 halberd
              (8 damage)
             ... on level 4 of the Vaults on Jan 10, 2018.
             The game lasted 02:12:53 (42211 turns).

torrenera the Warrior (Gargoyle Fighter)           Turns: 42211, Time: 02:12:54

Health: -2/142     AC: 52    Str: 22    XL:     20   Next: 37%
Magic:  20/20      EV:  1    Int: 12    God:    Ru [*****.]
Gold:   1752       SH: 16    Dex: 13    Spells: 19/19 levels left

rFire    + . .     SeeInvis .   c - +6 demon whip (elec)
rCold    . . .     Gourm    .   G - +2 shield
rNeg     + . .     Faith    .   L - +2 plate armour {rF+}
rPois    ∞         Spirit   .   K - +0 helmet
rElec    +         Reflect  .   z - +1 cloak
rCorr    .         Harm     .   V - +2 pair of gloves {archery}
MR       +....                  w - +2 pair of boots
Stlth    ..........             (no amulet)
HPRegen  0.33/turn              g - +5 ring of slaying
MPRegen  0.17/turn              j - +6 ring of protection

@: about to teleport, flying, slowed, very slow
A: big wings, negative energy resistance 1, electricity resistance, unbreathing,
petrification resistance, rot immunity, no stealth, hated by all, reduced EV 2,
unskilled 1, AC +15
}: 2/15 runes: decaying, serpentine
a: Stop Flying, Sacrifice Purity, Sacrifice an Eye, Sacrifice Courage, Reject
Sacrifices, Draw Out Power, Power Leap, Apocalypse, Renounce Religion


You were on level 4 of the Vaults.
You worshipped Ru.
Ru was extremely pleased with you.
You were not hungry.

You visited 6 branches of the dungeon, and saw 35 of its levels.

You collected 3380 gold pieces.
You spent 1628 gold pieces at shops.

Inventory:

Hand Weapons
 c - a +6 demon whip of electrocution (weapon)
 W - a +1 eveningstar of protection
 X - a +1 great mace of venom
Missiles
 B - 23 javelins (quivered)
Armour
 a - the +3 scale mail "Evynol" {rN+ MR+ rCorr Int+4}
   (You bought it in a shop on level 10 of the Dungeon)

   It affects your intelligence (+4).
   It protects you from negative energy.
   It affects your resistance to hostile enchantments.
   It protects you from acid and corrosion.
 w - a +2 pair of boots (worn)
 z - a +1 cloak (worn)
 G - a +2 shield (worn)
 K - a +0 helmet (worn)
 L - a +2 plate armour of fire resistance (worn)
 V - a +2 pair of gloves of archery (worn)
 Y - +0 fire dragon scales
Jewellery
 b - an uncursed ring of protection from fire
 g - a +5 ring of slaying (left hand)
 j - a +6 ring of protection (right hand)
 v - an uncursed ring of protection from cold
 J - an uncursed ring of positive energy
 T - a +3 ring of protection
Wands
 o - a wand of digging (50)
 p - a wand of flame (133)
 F - a wand of iceblast (26)
 P - a wand of scattershot (6)
Scrolls
 e - 13 scrolls of identify
 h - 3 scrolls of magic mapping
 i - a scroll of silence
 l - 2 scrolls of vulnerability
 s - a scroll of torment
 u - a scroll of fog
 x - 17 scrolls of remove curse
 y - 3 scrolls of teleportation
 E - a scroll of enchant armour
 H - 2 scrolls of holy word
 R - 2 scrolls of amnesia
 S - a scroll of acquirement
 U - a scroll of blinking
Potions
 k - 7 potions of brilliance
 m - 3 potions of might
 n - 3 potions of magic
 q - 3 potions of lignification
 r - a potion of invisibility
 t - 5 potions of haste
 C - 12 potions of curing
 D - a potion of cancellation
 I - 4 potions of heal wounds
 M - 2 potions of resistance
 O - 2 potions of ambrosia {unknown}
Books
 A - a book of Spatial Translocations

   Spells                             Type                      Level
   a - Blink                          Translocation                2
   b - Shroud of Golubria             Charms/Translocation         2
   c - Lesser Beckoning               Translocation                3
   d - Gell's Gravitas                Translocation                3
   e - Teleport Other                 Translocation                3
   f - Passage of Golubria            Translocation                4
Miscellaneous
 d - a sack of spiders
 Q - a lightning rod (4/4)
Comestibles
 f - 40 rations
 N - 11 chunks of flesh


   Skills:
 * Level 20.5 Fighting
 - Level 14.6 Maces & Flails
 * Level 16.6 Armour
 - Level 7.2 Dodging
 - Level 15.2 Shields


You had 19 spell levels left.
You didn't know any spells.

Dungeon Overview and Level Annotations

Branches:
Dungeon (15/15) Lair (6/6) D:10 Swamp (4/4) Lair:4 Snake (4/4) Lair:2 Slime (0/5) Lair:6 Orc (2/2) D:11 Elf (0/3) Orc:1 Orc:2 Vaults (4/5) D:14 Crypt (0/3) Vaults:2 Depths (0/5) D:15 Temple: D:4-7

Altars:
Gozag
Ru
Sif Muna
Vehumet
Wu Jian
Xom
Zin
The Shining One
Beogh

Shops:
D:4 (   D:8 [   D:10 [   Orc:2 (?[:   Snake:4 [

Annotations:
D:3 1 runed door
D:5 Tiamon's ghost, novice DEFE
Swamp:4 Louise
Snake:2 Rupert


Innate Abilities, Weirdness & Mutations

You are resistant to torment.
Your stone body is resilient. (AC +15)
You are immune to poison.
Your large and strong wings let you fly indefinitely.
You resist negative energy. (rN+)
You are resistant to electric shocks. (rElec)
You can survive without breathing.
You are immune to petrification.
You are immune to rotting.
You cannot be stealthy.
You are hated by all.
You have slow reflexes. (EV -10)
You are somewhat unskilled. (-1 Apt)


Message History

The freezing wraith is severely damaged.
The stone giant hits you!!
* * * LOW HITPOINT WARNING * * *
As you read the scroll of teleportation, it crumbles to dust.
You feel strangely unstable.
The centaur warrior is recalled.
The ogre is recalled.
The orc is recalled.
The orc knight is recalled.
The centaur warrior is stunned by your will and fails to attack.
The freezing wraith hits you!
* * * LOW HITPOINT WARNING * * *
The freezing wraith freezes you!
* * * LOW HITPOINT WARNING * * *
The freezing wraith hits you but does no damage.
An orc knight comes into view. It is wielding a halberd.
The orc knight roars a battlecry!
The orc goes into a battle-frenzy!
The stone giant hits you but does no damage.
The centaur warrior hits you but does no damage.
You block the freezing wraith's attack. x2
The orc knight hits you from afar with a halberd!
You die...

..#.((...# ...c. ..#..†...#
...§.
..#......#############.....
..'...<..#..[. ......'...
..#......#... ....'.
..#......#..#######..#
..#......#..#.'.#.#.(#
###......#..###'#p#(.#
#......'..#)'c@WeoO#
#......#..###o#C#oe#
########..#.).#o#..#
#..#######))# #....(..)))(#
#.......[.).# #############


You could see a stone giant, an orc knight, a centaur warrior, a deep elf
archer, an ironbrand convoker, a freezing wraith, a deep elf mage, an ogre and 3
orcs.

Vanquished Creatures
  A tengu reaver (Vaults:4)
  4 thorn hunters
  The ghost of Daviar the Brawler, an adept VSAM of Cheibriados (Vaults:1)
  Donald (Vaults:4)
  9 nagarajas
  2 fire giants (Vaults:3)
  8 vault wardens
  5 ironheart preservers
  6 stone giants
  2 entropy weavers (Vaults:3)
  2 very ugly things
  Nessos (D:15)
  4 fire dragons
  7 yaktaur captains
  2 great orbs of eyes
  6 vault guards
  8 ogre magi
  A rakshasa (Vaults:3)
  15 naga warriors
  21 hydras
  A ghost crab (Swamp:4)
  3 ice dragons
  6 centaur warriors
  25 two-headed ogres
  4 death knights
  7 anacondas
  2 catoblepae
  5 alligators
  A tengu warrior (D:15)
  4 deep troll shamans
  6 death yaks (Lair:6)
  14 naga sharpshooters
  A deep troll earth mage (Vaults:1)
  The ghost of Amaterasu the Destroyer, a journeyman TeCj of Hepliaklqana (Lair:1)
  5 orc high priests
  Urug (D:15)
  A shock serpent (Snake:2)
  Nergalle (D:12)
  10 skeletal warriors
  9 sea snakes (Snake:4)
  A salamander mystic (Snake:1)
  5 deep trolls
  2 unseen horrors (D:11)
  2 shadow wraiths
  9 swamp dragons
  A flayed ghost (Vaults:2)
  An orange crystal statue (Vaults:1)
  A spriggan druid (Swamp:4)
  A lindwurm (shapeshifter) (D:14)
  A wolf spider zombie (D:14)
  5 naga ritualists
  5 shambling mangroves
  3 phantasmal warriors
  2 wizards (Vaults:2)
  2 deep elf archers
  2 wolf spiders
  5 mana vipers
  Pikel (D:5)
  7 deep elf magi
  3 cyclopes
  37 ugly things
  3 oklob plants
  3 orc sorcerers
  10 ironbrand convokers
  14 orc knights
  A salamander (shapeshifter) (D:15)
  A manticore (D:12)
  13 slime creatures
  9 salamanders
  2 guardian serpents
  Joseph (Lair:1)
  8 elephants
  4 centaur zombies
  Maurice (D:11)
  10 vault sentinels
  34 black mambas
  18 naga magi
  2 gargoyles
  14 spiny frogs
  A rime drake (Lair:5)
  11 komodo dragons
  A kobold demonologist (D:14)
  3 tengu conjurers
  7 freezing wraiths
  A komodo dragon (shapeshifter) (Vaults:4)
  26 yaktaurs
  A queen bee (D:12)
  A troll (shapeshifter) (D:10)
  4 polar bears
  A jumping spider (shapeshifter) (Vaults:3)
  Prince Ribbit (D:6)
  5 trolls
  6 tyrant leeches
  7 bog bodies
  A hornet (shapeshifter) (Vaults:3)
  Grinder (D:6)
  A blink frog (shapeshifter) (Vaults:3)
  4 blink frogs (Lair:4)
  A raiju (shapeshifter) (D:14)
  12 hornets
  A meliai zombie (D:13)
  2 spriggans (Swamp:4)
  8 hippogriffs
  3 shadows
  A stone giant simulacrum (Vaults:3)
  Sigmund (D:6)
  A tarantella (Vaults:3)
  A spriggan (shapeshifter) (Vaults:2)
  4 redbacks
  A vampire (D:13)
  5 wyverns
  4 wraiths
  7 yaks
  A hog (shapeshifter) (Vaults:1)
  2 steam dragons (D:11)
  A basilisk (Lair:5)
  27 vampire mosquitoes
  3 wargs
  6 hungry ghosts
  14 swamp worms
  4 insubstantial wisps (Swamp:2)
  36 nagas
  A soldier ant (shapeshifter) (Vaults:3)
  4 acid dragons
  11 porcupines
  14 water moccasins
  3 ice beasts
  3 sky beasts
  45 orc warriors
  2 slaves
  3 black bears
  3 phantoms
  3 necrophages
  10 swamp drakes
  2 hornet zombies
  2 eyes of draining
  12 wolves
  32 ogres
  23 centaurs
  12 crocodiles
  A big kobold (D:8)
  A glowing shapeshifter simulacrum (Vaults:3)
  19 bullfrogs
  A wyvern zombie (D:15)
  A water moccasin skeleton (D:11)
  2 wyvern skeletons
  3 scorpions
  An elf simulacrum (Vaults:1)
  25 killer bees
  12 wights
  An electric eel (D:12)
  4 bullfrog zombies
  3 crimson imps
  A quasit (D:8)
  3 hounds
  2 jellies
  A centaur skeleton (D:7)
  41 orc priests
  22 orc wizards
  A bullfrog skeleton (D:11)
  4 iguanas
  Ijyb (D:3)
  13 worker ants
  A killer bee zombie (D:6)
  A hound zombie (D:6)
  2 hound skeletons
  A worker ant zombie (D:9)
  10 adders
  3 shadow imps
  An ooze (D:2)
  An adder zombie (D:9)
  3 worms
  2 dart slugs (D:1)
  9 leopard geckos
  107 orcs
  4 giant cockroaches
  10 goblins
  4 hobgoblins
  11 jackals
  5 quokkas
  2 ball pythons
  3 bats
  A frilled lizard (D:1)
  A giant cockroach zombie (D:5)
  18 kobolds
  A quokka skeleton (D:6)
  6 rats
  26 briar patches
  A bush (Lair:5)
  A plant (Lair:1)
1269 creatures vanquished.

Vanquished Creatures (others)
  A fire giant (Vaults:4)
  A great orb of eyes (Vaults:1)
  A two-headed ogre (Vaults:4)
  An unseen horror (D:12)
  A shambling mangrove (Swamp:3)
  A vault sentinel (Vaults:1)
  A naga mage (Snake:3)
  2 guardian serpents (Snake:4)
  A black mamba (Snake:4)
  A yaktaur (Vaults:1)
  A slime creature (Vaults:1)
  A spriggan (Swamp:4)
  A vampire mosquito (Swamp:3)
  A swamp worm (Swamp:3)
  A naga (Snake:4)
  A tengu (shapeshifter) (Vaults:2)
  An orc priest (Vaults:1)
  2 orcs
  3 briar patches (Swamp:3)
  16 fungi
  38 plants
77 creatures vanquished.

Grand Total: 1346 creatures vanquished

Notes
Turn   | Place    | Note
-------+----------+-------------------------------------------
     0 | D:1      | torrenera the Gargoyle Fighter began the quest for the Orb.
     0 | D:1      | Reached XP level 1. HP: 14/14 MP: 1/1
   151 | D:1      | Reached XP level 2. HP: 18/19 MP: 2/2
   879 | D:2      | Reached XP level 3. HP: 10/23 MP: 3/3
  1107 | D:2      | Found a sacrificial altar of Ru.
  1128 | D:2      | Reached XP level 4. HP: 14/29 MP: 4/4
  1136 | D:2      | Became a worshipper of Ru the Awakened
  1929 | D:3      | Reached skill level 4 in Fighting
  1929 | D:3      | Reached XP level 5. HP: 5/33 MP: 5/5
  2399 | D:3      | Reached skill level 5 in Maces & Flails
  2451 | D:3      | Noticed Ijyb
  2486 | D:3      | Killed Ijyb
  2556 | D:3      | Found a glowing silver altar of Zin.
  2556 | D:3      | Noticed an angel
  2558 | D:3      | Found a runed door.
  2584 | D:3      | Reached XP level 6. HP: 30/38 MP: 6/6
  3669 | D:4      | Found Lygiv's Antique Weapon Boutique.
  3827 | D:4      | Reached XP level 7. HP: 33/44 MP: 7/7
  4694 | D:5      | Entered Level 5 of the Dungeon
  4704 | D:5      | Noticed Tiamon's ghost (novice DEFE)
  4730 | D:4      | Reached skill level 5 in Fighting
  5446 | D:6      | Noticed Sigmund
  5470 | D:6      | Reached XP level 8. HP: 49/49 MP: 8/8
  5476 | D:6      | Killed Sigmund
  5541 | D:6      | Noticed Grinder
  5559 | D:6      | Killed Grinder
  5594 | D:6      | Reached skill level 6 in Fighting
  5643 | D:6      | Noticed Pikel
  5655 | D:6      | Noticed Prince Ribbit
  5914 | D:5      | Killed Pikel
  5914 | D:5      | Reached skill level 10 in Maces & Flails
  5914 | D:5      | Reached XP level 9. HP: 38/56 MP: 9/9
  6054 | D:6      | Killed Prince Ribbit
  6532 | D:7      | Reached skill level 7 in Fighting
  6935 | D:7      | Found a deep blue altar of Sif Muna.
  6937 | D:7      | Found an ornate altar of the Wu Jian Council.
  6977 | D:7      | Found a radiant altar of Vehumet.
  6980 | D:7      | Found an opulent altar of Gozag.
  6982 | D:7      | Found a glowing golden altar of the Shining One.
  7557 | D:8      | Reached XP level 10. HP: 64/64 MP: 10/10
  7715 | D:8      | Reached skill level 8 in Fighting
  8039 | D:8      | Found Eplethay's Antique Armour Boutique.
  8177 | D:9      | Noticed a two-headed ogre
  8192 | D:9      | Killed a two-headed ogre
  8192 | D:9      | Reached skill level 9 in Fighting
  8192 | D:9      | Reached skill level 5 in Armour
  8860 | D:10     | Entered Level 10 of the Dungeon
  8939 | D:10     | Found Vejots's Armour Shop.
  8942 | D:10     | Bought a +1 plate armour of fire resistance for 455 gold pieces
  9221 | D:10     | Paralysed by fainting for 7 turns
  9669 | D:10     | Reached skill level 10 in Fighting
  9803 | D:10     | Found a staircase to the Lair.
 10383 | D:11     | Reached XP level 11. HP: 72/72 MP: 11/11
 10406 | D:11     | Killed an unseen horror
 10440 | D:11     | Found a staircase to the Orcish Mines.
 10525 | D:11     | Noticed a two-headed ogre
 10540 | D:11     | Noticed an ogre mage
 10561 | D:11     | Paralysed by an ogre mage for 2 turns
 10568 | D:11     | Killed an ogre mage
 10578 | D:11     | HP: 1/73 [two-headed ogre/giant spiked club (14)]
 10583 | D:10     | Killed a two-headed ogre
 10846 | D:11     | Noticed a two-headed ogre
 10850 | D:11     | Reached skill level 11 in Fighting
 10850 | D:11     | Reached skill level 10 in Armour
 10861 | D:11     | Killed a two-headed ogre
 11346 | D:11     | Killed an unseen horror
 11780 | D:11     | Noticed Maurice
 11791 | D:11     | Killed Maurice
 11825 | D:11     | Noticed a five-headed hydra
 11983 | D:11     | Gained mutation: You are somewhat unskilled. (-1 Apt) [Ru sacrifice]
 11983 | D:11     | Reduced skill Fighting to level 10
 11983 | D:11     | Reduced skill Armour to level 10
 11983 | D:11     | Reached * piety under Ru
 11995 | D:11     | Killed a five-headed hydra
 11995 | D:11     | Reached skill level 1 in Dodging
 12013 | D:11     | Reached XP level 12. HP: 68/79 MP: 12/12
 12673 | D:12     | Reached skill level 5 in Shields
 13096 | D:12     | Noticed Nergalle
 13107 | D:12     | Killed Nergalle
 13697 | D:13     | Noticed a death knight
 13711 | D:13     | Killed a death knight
 13797 | D:13     | Noticed a two-headed ogre
 13825 | D:13     | Killed a two-headed ogre
 14286 | D:13     | Noticed a six-headed hydra
 14296 | D:13     | Killed a six-headed hydra
 14484 | Lair:1   | Entered Level 1 of the Lair of Beasts
 14496 | Lair:1   | Reached skill level 5 in Dodging
 14611 | Lair:1   | Noticed Joseph
 14633 | Lair:1   | Killed Joseph
 14633 | Lair:1   | Reached XP level 13. HP: 81/83 MP: 13/13
 14672 | Lair:1   | Noticed Amaterasu's ghost (journeyman TeCj)
 14778 | Lair:1   | Killed Amaterasu's ghost
 15741 | Lair:2   | Reached skill level 10 in Shields
 15743 | Lair:2   | Found a staircase to the Snake Pit.
 17351 | Lair:2   | Gained mutation: You are hated by all. [Ru sacrifice]
 17351 | Lair:2   | Reached ** piety under Ru
 17351 | Lair:2   | Reached *** piety under Ru
 17768 | Lair:4   | Found a staircase to the Swamp.
 19433 | Lair:6   | Entered Level 6 of the Lair of Beasts
 19593 | Lair:6   | Gained mutation: Your large and strong wings let you fly indefinitely. [Gargoyle growth]
 19593 | Lair:6   | Reached XP level 14. HP: 88/88 MP: 14/14
 19738 | Lair:6   | Found a staircase to the Slime Pits.
 20356 | Lair:6   | Identified Sif Muna's Papyrus of Combat Magic and Snow
 21099 | Orc:1    | Entered Level 1 of the Orcish Mines
 21173 | Orc:2    | Entered Level 2 of the Orcish Mines
 21173 | Orc:2    | Found a staircase to the Elven Halls.
 22303 | Orc:2    | Found a shimmering altar of Xom.
 23113 | Orc:2    | Reached skill level 15 in Shields
 23444 | Orc:2    | Found Jeob's Antique Weapon Shoppe.
 23444 | Orc:2    | Found Werredd's Book Shoppe.
 23445 | Orc:2    | Found Kyis Ved's Magic Scroll Emporium.
 23445 | Orc:2    | Found Poibryfi's Armour Shoppe.
 23460 | Orc:2    | Bought a runed demon whip for 468 gold pieces
 23556 | Orc:2    | Found a roughly hewn altar of Beogh.
 23884 | Orc:1    | Found a roughly hewn altar of Beogh.
 23900 | Orc:1    | Gained mutation: You have somewhat slow reflexes. (EV -5) [Ru sacrifice]
 23900 | Orc:1    | Reached **** piety under Ru
 24272 | Swamp:1  | Entered Level 1 of the Swamp
 24411 | Swamp:1  | Reached XP level 15. HP: 92/93 MP: 15/15
 24428 | Swamp:1  | Reached skill level 11 in Fighting
 25346 | Swamp:2  | Gained mutation: You have slow reflexes. (EV -10) [Ru sacrifice]
 25346 | Swamp:2  | Reached ***** piety under Ru
 25558 | Swamp:3  | Noticed a thorn hunter
 25566 | Swamp:3  | Killed a thorn hunter
 25629 | Swamp:3  | Noticed a thorn hunter
 25654 | Swamp:3  | Killed a thorn hunter
 26131 | Swamp:3  | Reached skill level 12 in Fighting
 26475 | Swamp:4  | Entered Level 4 of the Swamp
 27419 | Swamp:4  | Noticed a thorn hunter
 27420 | Swamp:4  | Noticed Louise
 28012 | Swamp:4  | Noticed a thorn hunter
 28020 | Swamp:4  | Reached skill level 13 in Fighting
 28020 | Swamp:4  | Reached XP level 16. HP: 104/104 MP: 16/16
 28033 | Swamp:4  | Killed a thorn hunter
 28049 | Swamp:4  | Killed a thorn hunter
 28125 | Swamp:4  | Gained mutation: You cannot be stealthy. [Ru sacrifice]
 28244 | Swamp:4  | Got a decaying rune of Zot
 28454 | Snake:1  | Entered Level 1 of the Snake Pit
 28455 | Snake:1  | Upgraded the game from 0.21-b1-23-g1fb0a74 to 0.21.0-3-g78d12a8
 29369 | Snake:2  | Reached skill level 14 in Fighting
 29478 | Snake:2  | Noticed Rupert
 29553 | Snake:2  | Found an opulent altar of Gozag.
 30078 | Snake:3  | Noticed a nagaraja
 30102 | Snake:3  | Killed a nagaraja
 30473 | Snake:4  | Entered Level 4 of the Snake Pit
 30669 | Snake:4  | Noticed a nagaraja
 30694 | Snake:4  | Killed a nagaraja
 30694 | Snake:4  | Reached XP level 17. HP: 79/112 MP: 17/17
 31072 | Snake:4  | Reached skill level 15 in Fighting
 31538 | Snake:4  | Got a transparent longbow
 31792 | Snake:4  | Got a serpentine rune of Zot
 32520 | Snake:4  | Found Orunk's Antique Armour Shop.
 32919 | Lair:2   | Identified the +8 longbow of Absolution {freeze, -Tele Dex+5} (You took it off a naga on level 4 of the Snake Pit)
 33078 | D:13     | Reached skill level 16 in Fighting
 33510 | D:14     | Reached XP level 18. HP: 112/120 MP: 18/18
 34198 | D:14     | Found a gate to the Vaults.
 34354 | D:15     | Entered Level 15 of the Dungeon
 34369 | D:15     | Reached skill level 15 in Armour
 34572 | D:15     | Noticed Urug
 34579 | D:15     | Killed Urug
 34778 | D:15     | Noticed Nessos
 34785 | D:15     | Killed Nessos
 35092 | D:15     | Found a staircase to the Depths.
 35328 | D:10     | Bought the +3 scale mail "Evynol" {rN+ MR+ rCorr Int+4} for 647 gold pieces
 35348 | D:10     | Bought a +0 helmet for 58 gold pieces
 35551 | Vaults:1 | Entered Level 1 of the Vaults
 35608 | Vaults:1 | Reached skill level 17 in Fighting
 35760 | Vaults:1 | Noticed Daviar's ghost (adept VSAM)
 36261 | Vaults:1 | Paralysed by a great orb of eyes for 3 turns
 36702 | Vaults:1 | Paralysed by a great orb of eyes for 7 turns
 36734 | Vaults:1 | Killed Daviar's ghost
 38274 | Vaults:2 | Found a shimmering altar of Xom.
 38369 | Vaults:2 | Reached XP level 19. HP: 79/129 MP: 19/19
 38620 | Vaults:2 | Found a staircase to the Crypt.
 39268 | Vaults:2 | Reached skill level 18 in Fighting
 40386 | Vaults:3 | Reached skill level 19 in Fighting
 40906 | Vaults:3 | Identified a scroll of acquirement
 41427 | Vaults:3 | Reached XP level 20. HP: 126/140 MP: 20/20
 41866 | Vaults:4 | Reached skill level 20 in Fighting
 42070 | Vaults:4 | Noticed Donald
 42096 | Vaults:4 | Killed Donald
 42211 | Vaults:4 | HP: 6/142 [freezing wraith (11)]
 42211 | Vaults:4 | Slain by an orc knight

Skill      XL: |  1  2  3  4  5  6  7  8  9 10 11 12 13 14 15 16 17 18 19 20 |
---------------+-------------------------------------------------------------+-----
Maces & Flails | 3 4 5 6 8 10 12 11 12 13 14 | 14.6
Fighting       | 4 5 6 7 10 10 13 14 16 17 19 20 | 20.5
Armour         | 8 10 11 13 14 15 16 | 16.6
Dodging        | 1 5 6 7 |  7.2
Shields        | 9 12 15 | 15.2

Action                   |  1- 3 |  4- 6 |  7- 9 | 10-12 | 13-15 | 16-18 | 19-21 || total
-------------------------+-------+-------+-------+-------+-------+-------+-------++-------
Melee: Flail             |    88 |   299 |   207 |       |       |       |       ||   594
       Whip              |       |       |   189 |   124 |       |       |       ||   313
       Morningstar       |       |       |       |   600 |  1079 |       |       ||  1679
       Unarmed           |       |       |       |     2 |       |       |       ||     2
       Demon whip        |       |       |       |       |   572 |  1679 |   805 ||  3056
 Fire: Hunting sling     |       |     5 |       |       |       |       |       ||     5
       Blowgun           |       |       |    14 |     9 |       |       |       ||    23
Throw: Javelin           |       |       |     5 |       |       |       |       ||     5
Invok: Sacrifice Skill   |       |       |       |     1 |       |       |       ||     1
       Sacrifice Love    |       |       |       |       |     1 |       |       ||     1
       Sacrifice Health  |       |       |       |       |     2 |       |       ||     2
       Apocalypse        |       |       |       |       |     1 |     2 |       ||     3
       Sacrifice Stealth |       |       |       |       |       |     1 |       ||     1
Evoke: Wand              |       |       |     1 |     3 |     8 |     1 |       ||    13
       Lightning rod     |       |       |       |     1 |       |       |     7 ||     8
  Use: Potion            |       |       |     3 |     4 |     2 |     1 |       ||    10
       Scroll            |       |       |     3 |     8 |    20 |    13 |     3 ||    47
 Stab: Distracted        |       |       |     1 |       |     8 |     9 |     3 ||    21
       Invisible         |       |       |       |       |     3 |     6 |     6 ||    15
       Petrified         |       |       |       |       |    15 |     4 |       ||    19
       Petrifying        |       |       |       |       |     1 |     1 |       ||     2
       Paralysed         |       |       |       |       |       |     5 |       ||     5
  Eat: Chunk             |     1 |     9 |    12 |    14 |    38 |    23 |    14 ||   111
       Ration            |       |       |     1 |     4 |     2 |     3 |       ||    10
Armor: Scale mail        |    43 |   151 |       |       |       |       |       ||   194
       Plate armour      |       |    10 |   149 |   406 |   810 |   628 |   249 ||  2252
       Chain mail        |       |       |    18 |    56 |       |       |       ||    74
Dodge: Dodged            |    30 |    53 |    30 |   117 |   313 |    20 |    13 ||   576
Block: Shield            |    46 |   139 |   140 |   402 |  1145 |   745 |   278 ||  2895
